[Event "*** Titled Tuesday Blitz"]
[Site "Chess.com"]
[Date "2018.04.03"]
[Round "5"]
[White "Korchmar_Vasiliy"]
[Black "Fandorine"]
[Result "1-0"]
[WhiteElo "2657"]
[BlackElo "2704"]
[TimeControl "180+2"]
[EndTime "14:05:44 PDT"]
[Termination "Korchmar_Vasiliy won by resignation"]

1. d4 Nf6 2. Nf3 g6 3. Bg5 Bg7 4. Nbd2 O-O 5. e3 d6 6. Bd3 Nbd7 7. O-O Qe8 8. c3 e5 9. e4 h6 10. Bh4 Nh5 11. Re1 g5 12. Bg3 Nxg3 13. hxg3 g4 14.
Nh4 h5 15. Nf5 Nf6 16. Nxg7 Kxg7 17. Nf1 Qe7 18. Qd2 Nh7 19. dxe5 dxe5 20. Bc4 Rh8 21. Rad1 h4 22. gxh4 Qxh4 23. Ng3 Nf6 24. Qe3 b6 25. Bd5 Nxd5 26. exd5 Qh2+ 27. Kf1 Ba6+ 28. Rd3 f6 29. c4 Bxc4 30. Rc1 Bxd3+ 31. Qxd3 Rac8 32. Qf5 Qh7 33. Qd7+ Kh6 34. Qxg4 Qg6 35. Nf5+ Kh7 36. Qh4+ Kg8 37. Ne7+ Kf7 38. Nxg6 Rxh4 39. Nxh4 Ke7 40. Nf5+ Kd7 41. Rc6 Rf8 42. Ke2 a5 43. a4 Rf7 1-0

[Event "*** Titled Tuesday Blitz"]
[Site "Chess.com"]
[Date "2018.04.03"]
[Round "5"]
[White "JSPrepz"]
[Black "Tash_Boy"]
[Result "1-0"]
[WhiteElo "2587"]
[BlackElo "2500"]
[TimeControl "180+2"]
[EndTime "14:05:45 PDT"]
[Termination "JSPrepz won by resignation"]

1. e4 e5 2. Nf3 Nc6 3. Nc3 Nf6 4.
a3 a6 5. d4 exd4 6. Nxd4 d6 7.
Be2 Be7 8. O-O O-O 9. Be3 Re8 10. f3 d5 11. Nxc6 bxc6 12. e5 Nd7 13. f4 f5 14.
Nxd5 Nf8 15. Nxe7+ Qxe7 16. Bf3 Bb7 17. Qe2 Ne6 18.
Rfd1 Rab8 19. Qc4 c5 20. Bxb7 Rxb7 21. b3 Rb6 22. Rd5 g5 23. fxg5 f4 24. Bxf4 Qf7 25. Be3 Rf8 26. Rad1 Kh8 27. Rd7 Qg6 28. Rf1 Qe8 29.
Rxf8+ Qxf8 30. Qd3 Qg8 31. Qf5 Qg6 32. Qf6+ Kg8 33.
Qe7 Nf8 34. Rd8 Qf5 35. Rxf8+ Qxf8 36. Qxf8+ Kxf8 37. Bxc5+ 1-0

[Event "*** Titled Tuesday Blitz"]
[Site "Chess.com"]
[Date "2018.04.03"]
[Round "5"]
[White "BartoszSocko"]
[Black "florianschwabeneder"]
[Result "1-0"]
[WhiteElo "2568"]
[BlackElo "2377"]
[TimeControl "180+2"]
[EndTime "14:05:47 PDT"]
[Termination "BartoszSocko won by resignation"]

1. e4 c5 2. Nf3 d6 3. d4 cxd4 4. Nxd4 Nf6 5. Nc3 Nc6 6. Be3 Ng4 7. Bg5 Qb6 8. Bb5 Bd7 9. Bxc6 bxc6 10. O-O e5 11.
Nf5 h6 12. Bh4 Bxf5 13. exf5 Nf6 14. Bxf6 gxf6 15. Ne4 Be7 16. Nxd6+ Kf8 17. Nc4 Qc5 18. b3 h5 19. Qf3 h4 20. Rad1 h3 21. g3 Rd8 22. Qe3 Rd5 23. Qxc5 Bxc5 24. Ne3 Bxe3 25. fxe3 Ke7 26. c4 Rxd1 27. Rxd1 a5 28. Kf2 a4 29. b4 a3 30. Rd3 Rb8 31. Rb3 e4 32. g4 Kd6 33. Kg3 Ke5 34. Kxh3 Rd8 35. Kg3 Rd2 36.
Rxa3 Rc2 37. Ra5+ Kd6 38. Ra7 Rxc4 39. Rxf7 Ke5 40. Re7+ Kd5 41. a3 Rc3 42. Kf4 Rxa3 43. Rd7+ Kc4 44. Rd4+ Kb5 45. Rxe4 Ra2 46. h4 1-0

[Event "*** Titled Tuesday Blitz"]
[Site "Chess.com"]
[Date "2018.04.03"]
[Round "5"]
[White "Bauxi435"]
[Black "MFBerna"]
[Result "1-0"]
[WhiteElo "2444"]
[BlackElo "2285"]
[TimeControl "180+2"]
[EndTime "14:05:50 PDT"]
[Termination "Bauxi435 won on time"]

1. d4 d5 2. c4 dxc4 3. e3 e5 4. Bxc4 exd4 5. exd4 Nf6 6. Nf3 Bb4+ 7. Nc3 O-O 8. O-O Bg4 9. Bb3 Nc6 10. d5 Ne5 11.
Bg5 h6 12. Bh4 Nxf3+ 13. gxf3 Bh3 14. Re1 Be7 15. Qd4 Re8 16. Rad1 Nh7 17. Bg3 Ng5 18. Qd3 Bd6 19. Ne4 Qd7 20. Bc2 Qf5 21. Nxg5 Qxd3 22. Bxd3 hxg5 23. Bf1 Bxf1 24. Kxf1 f5 25. Bxd6 cxd6 26.
Rc1 Kf8 27. Rc7 Rxe1+ 28. Kxe1 Re8+ 29. Kd2 Re5 30. Rxb7 Rxd5+ 31. Ke3 a5 32. f4 gxf4+ 33. Kxf4 Kg8 34. h4 Kh7 35. Kg5 Rd2 36. f4 Rd5 37. h5 Kh8 38. Kg6 1-0

[Event "*** Titled Tuesday Blitz"]
[Site "Chess.com"]
[Date "2018.04.03"]
[Round "5"]
[White "Muracle"]
[Black "Marcus_Harvey"]
[Result "1-0"]
[WhiteElo "2463"]
[BlackElo "2608"]
[TimeControl "180+2"]
[EndTime "14:05:59 PDT"]
[Termination "Muracle won by resignation"]

1. Nf3 e6 2. g3 Nf6 3. Bg2 b5 4. O-O Bb7 5. d3 d5 6. c4 dxc4 7. dxc4 Qxd1 8. Rxd1 bxc4 9. Bf4 Na6 10. Ne5 Bxg2 11.
Kxg2 Bd6 12. Nd2 c3 13. bxc3 Nd5 14. Ndc4 g5 15. Bxg5 Bxe5 16. Nxe5 f6 17. Rxd5 exd5 18. Bxf6 Rf8 19. Bg7 Rg8 20. Bh6 Rb8 21. Be3 Rb2 22. Rd1 Rxe2 23. Rxd5 Rxa2 24. Nc6 Kf7 25. Rd7+ Ke6 26.
Rxh7 Kd6 27. Nxa7 c5 28. Rh6+ Kd5 29. Nc6 Kc4 30. Rh5 Rc8 31. Ne7 Re8 32. Nd5 Rd8 33. Nf6 Ra5 34. Ne4 Rd5 35. Nd2+ Rxd2 36. Bxd2 Kd3 37.
Rd5+ Kc4 38. Rd7 Nb8 39. Rd6 Ra2 40. h4 Kb5 41. h5 Nc6 42. Be3 Na5 43. h6 Nb3 44. h7 Ra8 45. Bf4 Rh8 46. Rh6 1-0

[Event "*** Titled Tuesday Blitz"]
[Site "Chess.com"]
[Date "2018.04.03"]
[Round "5"]
[White "TastyFrenchFries"]
[Black "Saitama_Hero"]
[Result "1-0"]
[WhiteElo "2317"]
[BlackElo "2135"]
[TimeControl "180+2"]
[EndTime "14:06:02 PDT"]
[Termination "TastyFrenchFries won on time"]

1. e4 c5 2. Nf3 e6 3. c3 a6 4. Bd3 b5 5. Bc2 Bb7 6. O-O Nc6 7. Re1 Rc8 8. a4 Nf6 9. axb5 axb5 10. h3 c4 11. d3 cxd3 12. Qxd3 b4 13. Bg5 Qb6 14.
Nbd2 Bc5 15. Re2 h6 16. Nc4 Qc7 17. Bxf6 gxf6 18. Ne3 Rg8 19. Rd2 bxc3 20. bxc3 f5 21. exf5 Ne7 22. fxe6 fxe6 23. Ng4 Kd8 24. Nf6 Nd5 25.
Nxg8 Qf4 26. Qe4 Qf8 27. Qh4+ Kc7 28. Nxh6 Qg7 29. Qg5 Qxc3 30. Rb1 Bc6 31. Nf7 Re8 32. Qe5+ Qxe5 33. N3xe5 1-0

[Event "*** Titled Tuesday Blitz"]
[Site "Chess.com"]
[Date "2018.04.03"]
[Round "5"]
[White "Vincent_Vega95"]
[Black "Goala"]
[Result "1-0"]
[WhiteElo "2534"]
[BlackElo "2316"]
[TimeControl "180+2"]
[EndTime "14:06:08 PDT"]
[Termination "Vincent_Vega95 won by resignation"]

1. Nf3 Nf6 2. c4 c5 3. Nc3 b6 4.
g3 Bb7 5. Bg2 e6 6. O-O a6 7. b3 Qc7 8. Bb2 d6 9. e3 Nbd7 10. d4 Be7 11. d5 exd5 12. cxd5 b5 13. Nh4 g6 14. Rc1 O-O 15. a4 bxa4 16. Nxa4 Rfe8 17.
b4 Rad8 18. Re1 Ne5 19. bxc5 dxc5 20. e4 c4 21. Qd4 Qa5 22. Qxe5 Qxa4 23. Qd4 Qb5 24.
Rxc4 a5 25. Rc7 Rd7 26. Rec1 Red8 27. Rxd7 Qxd7 28. e5 Nxd5 29. e6 Bf6 30. exd7 Bxd4 31. Bxd4 Rxd7 32. Rb1 Nb4 33. Bb6 Bxg2 34. Kxg2 Nc6 35.
Rc1 Rd6 36. Ra1 Rd7 37. Bxa5 h6 38. Bc3 Rd8 39. Nf3 Kh7 40. h3 g5 41. Ra6 Nb8 42. Ra7 Kg6 43. Ne5+ Kf5 44. Nxf7 Rc8 45. Nd6+ 1-0

[Event "*** Titled Tuesday Blitz"]
[Site "Chess.com"]
[Date "2018.04.03"]
[Round "5"]
[White "GameOverBro"]
[Black "mokerslag"]
[Result "1-0"]
[WhiteElo "2404"]
[BlackElo "2402"]
[TimeControl "180+2"]
[EndTime "14:06:08 PDT"]
[Termination "GameOverBro won on time"]

1. e4 c5 2. Ne2 Nc6 3. Nbc3 g6 4. d4 cxd4 5. Nxd4 Bg7 6. Nde2 Nf6 7. g3 O-O 8. Bg2 Rb8 9. a4 a6 10. O-O b5 11.
axb5 axb5 12. Nd5 Nxd5 13. exd5 Ne5 14. Ra2 d6 15. b3 Bg4 16. f3 Bd7 17. Be3 Ra8 18.
Rxa8 Qxa8 19. h3 Bc8 20. f4 Nd7 21. Nd4 Bxd4 22. Bxd4 Bb7 23. Bb2 Nf6 24. Re1 Bxd5 25. Bxf6 Bxg2 26. Bxe7 Bxh3 27. Qd2 Re8 28. Kh2 Qb7 29.
Kxh3 Rxe7 30. Rxe7 Qxe7 31. Qd3 b4 32. Kh2 Qe6 33.
Qb5 Qe4 34. Qb8+ Kg7 35. Qc7 d5 36. Qc5 h5 37. Kg1 Kf6 38. Qd6+ 1-0

[Event "*** Titled Tuesday Blitz"]
[Site "Chess.com"]
[Date "2018.04.03"]
[Round "5"]
[White "jncool68"]
[Black "lachesisQ"]
[Result "0-1"]
[WhiteElo "2531"]
[BlackElo "2912"]
[TimeControl "180+2"]
[EndTime "14:06:10 PDT"]
[Termination "lachesisQ won by resignation"]

1. e4 c5 2. Nf3 d6 3. d4 cxd4 4. Nxd4 Nf6 5. Nc3 a6 6. g3 e5 7. Nf3 Be7 8. Nh4 O-O 9. Bg2 b5 10. O-O g6 11. Bh6 Re8 12. a3 Ng4 13. Bd2 Bxh4 14.
gxh4 Qxh4 15. h3 Nf6 16. Qf3 Nc6 17. Ne2 Nh5 18. Rad1 Be6 19. b3 Rad8 20. Be3 Rd7 21. Rd3 Rc8 22. Rfd1 Qd8 23. Ng3 Nxg3 24. Qxg3 Ne7 25.
Bg5 Rxc2 26. Qh4 h5 27. Bf6 Kh7 28. Bf3 Qf8 29. Rxd6 Rxd6 30. Rxd6 Ng8 31. Rd8 Qh6 32. Bg5 Qg7 33. b4 Rc3 34. Be3 Rxa3 35. Kh2 Qf6 36. Qxf6 Nxf6 37. Be2 Nxe4 38. Bb6 Ra2 39. Bd1 Nxf2 40. Kg3 Ne4+ 41. Kf3 Ng5+ 42. Ke3 Nxh3 43.
Bc7 Ra3+ 44. Ke4 f6 0-1

[Event "*** Titled Tuesday Blitz"]
[Site "Chess.com"]
[Date "2018.04.03"]
[Round "5"]
[White "kikydu96"]
[Black "lukas_111111"]
[Result "1-0"]
[WhiteElo "2373"]
[BlackElo "2514"]
[TimeControl "180+2"]
[EndTime "14:06:10 PDT"]
[Termination "kikydu96 won by resignation"]

1. e4 e5 2. Nf3 Nc6 3. Bc4 Bc5 4. c3 Nf6 5. d3 a6 6. a4 Ba7 7. h3 h6 8. O-O d6 9. Re1 g5 10. d4 g4 11. dxe5 gxf3 12. exf6 Rg8 13.
Qxf3 Ne5 14. Qe2 Bxh3 15. g3 Bg4 16. Qf1 Nf3+ 17. Kg2 Qxf6 18. Be3 Nxe1+ 19. Qxe1 Qf3+ 20. Kh2 Bxe3 21. Qxe3 Qxe3 22. fxe3 Be6 23. Be2 O-O-O 24. Nd2 f5 25. exf5 Bxf5 26. Rf1 Rdf8 27. Bc4 Rh8 28. Rxf5 Rxf5 29. Be6+ Kd8 30. Bxf5 Ke7 31. e4 b5 32. a5 c5 33. g4 Kf6 34. Kg3 h5 35. Nf1 h4+ 36.
Kh3 Ke5 37. Ne3 b4 38. cxb4 Kd4 39. Nd5 cxb4 40. g5 b3 41. g6 Ke5 42. Nc7 Kf6 43.
Nxa6 Ra8 44. Nc7 Rxa5 45. Ne8+ Ke7 46. g7 Kf7 47. Be6+ 1-0

[Event "*** Titled Tuesday Blitz"]
[Site "Chess.com"]
[Date "2018.04.03"]
[Round "5"]
[White "PchelkinVK"]
[Black "maciek_92"]
[Result "1-0"]
[WhiteElo "2383"]
[BlackElo "2533"]
[TimeControl "180+2"]
[EndTime "14:06:12 PDT"]
[Termination "PchelkinVK won by resignation"]

1. d4 Nf6 2. Nc3 d5 3. Bf4 c6 4. Nf3 Bg4 5. Ne5 Bh5 6. f3 Nfd7 7. g4 Bg6 8. Nxg6 hxg6 9. Qd2 g5 10. Bxg5 f6 11. Qd3 Qb6 12. Bd2 e5 13. e3 Na6 14.
Qg6+ Kd8 15. O-O-O Qa5 16. Bxa6 Qxa6 17. h4 b5 18. a3 b4 19. axb4 Qa1+ 20. Nb1 Rb8 21.
c3 a5 22. e4 Nb6 23. exd5 Nc4 24. Qc2 cxd5 25. dxe5 axb4 26. cxb4 Bxb4 27. Bxb4 Rxb4 28. Rxd5+ Ke8 29. exf6 Qxb2+ 30. Qxb2 Nxb2 31. fxg7 Rg8 32. Re1+ Kf7 33. Rd7+ Kf6 34. g5+ Kg6 35. Re6+ Kf5 36. Rf6+ Ke5 37. Rf8 Nd3+ 38. Kd2 1-0

[Event "*** Titled Tuesday Blitz"]
[Site "Chess.com"]
[Date "2018.04.03"]
[Round "5"]
[White "Blitzstream"]
[Black "ristingho"]
[Result "1-0"]
[WhiteElo "2445"]
[BlackElo "2292"]
[TimeControl "180+2"]
[EndTime "14:06:14 PDT"]
[Termination "Blitzstream won by resignation"]

1. e4 c6 2. Nc3 d5 3. Nf3 Nf6 4. e5 Ne4 5. Ne2 Qb6 6. d4 e6 7. c3 c5 8. Ng3 Nc6 9. Bd3 Nxg3 10. hxg3 Bd7 11. dxc5 Bxc5 12. O-O a5 13. Qe2 h6 14. g4 a4 15. Bf4 Ne7 16. Bg3 Ra5 17. b4 axb3 18.
axb3 Rxa1 19. Rxa1 Qxb3 20. c4 O-O 21. cxd5 exd5 22. Rb1 Qc3 23. g5 Bf5 24. Bxf5 Nxf5 25. Bf4 Nd4 26. Nxd4 Qxd4 27. g3 hxg5 28. Bxg5 b6 29.
Rd1 Qc3 30. Kg2 d4 31. Rh1 g6 32. Bf6 1-0

[Event "*** Titled Tuesday Blitz"]
[Site "Chess.com"]
[Date "2018.04.03"]
[Round "5"]
[White "Jospem"]
[Black "amatatanav"]
[Result "1-0"]
[WhiteElo "2735"]
[BlackElo "2430"]
[TimeControl "180+2"]
[EndTime "14:06:15 PDT"]
[Termination "Jospem won by resignation"]

1. e4 c5 2. Nf3 Nc6 3. d4 cxd4 4. Nxd4 g6 5. c4 Nf6 6. Nc3 d6 7. f3 Nxd4 8. Qxd4 Bg7 9. Be3 O-O 10. Qd2 Be6 11.
Rc1 a5 12. b3 Nd7 13. Be2 Nb6 14. Nb5 a4 15. b4 Rc8 16. Na3 f5 17. exf5 gxf5 18.
O-O d5 19. c5 d4 20. Bf2 Nd5 21. Bc4 Nc7 22. Rfd1 Bxc4 23. Nxc4 Nd5 24. Bxd4 Bxd4+ 25. Qxd4 Nxb4 26. Nd6 exd6 27. Qxb4 Qc7 28. Rxd6 Qxd6 29.
Qc4+ Rf7 30. cxd6 Rxc4 31. Rxc4 b5 32. Rc8+ Kg7 33. Rc5 b4 34. Rb5 b3 35. axb3 axb3 36. Rxb3 Rd7 37. Rd3 Kf6 38. Kf2 Ke5 39. Kg3 Rxd6 40.
Rxd6 Kxd6 41. Kf4 Ke6 42. Kg5 Ke5 43. g3 f4 44. gxf4+ Ke6 45. Kh6 Kf5 46. Kxh7 Kxf4 47.
h4 Kf5 48. h5 Kg5 49. h6 Kf6 50. Kg8 Kg6 51. h7 1-0

[Event "*** Titled Tuesday Blitz"]
[Site "Chess.com"]
[Date "2018.04.03"]
[Round "5"]
[White "Man-Chuk"]
[Black "Divertissement"]
[Result "1-0"]
[WhiteElo "2661"]
[BlackElo "2446"]
[TimeControl "180+2"]
[EndTime "14:06:17 PDT"]
[Termination "Man-Chuk won by checkmate"]

1. e4 c5 2. Nf3 Nc6 3. Bb5 d6 4. O-O Bd7 5. Re1 Nf6 6. c3 a6 7. Bf1 Bg4 8. h3 Bxf3 9. Qxf3 g6 10. d3 Bg7 11. Qd1 O-O 12. Be3 b5 13. Nd2 Nd7 14.
Nf3 b4 15. d4 bxc3 16. bxc3 Qa5 17. Bd2 Rab8 18. Bc4 Qa3 19. Bb3 cxd4 20. Rc1 Nc5 21. cxd4 Nxd4 22. Nxd4 Bxd4 23. Bh6 Bg7 24. Bxg7 Kxg7 25.
Qd4+ f6 26. Bc4 Rb2 27. Rcd1 a5 28. e5 fxe5 29. Rxe5 dxe5 30. Qxe5+ Kh6 31. Rd4 Rb1+ 32. Kh2 Rf5 33. Qxe7 Qc1 34. Rh4+ Rh5 35. Qf8+ Kg5 36. Qxc5+ Kh6 37. Qf8+ Kg5 38. Rg4# 1-0

[Event "*** Titled Tuesday Blitz"]
[Site "Chess.com"]
[Date "2018.04.03"]
[Round "5"]
[White "ajkom197"]
[Black "Kislov_Oleg"]
[Result "1-0"]
[WhiteElo "2409"]
[BlackElo "2247"]
[TimeControl "180+2"]
[EndTime "14:06:21 PDT"]
[Termination "ajkom197 won by checkmate"]

1. d4 d5 2. Bf4 Nf6 3. e3 e6 4. Nd2 c5 5. c3 Nc6 6. Ngf3 Bd6 7. Bg3 O-O 8. Bd3 b6 9. e4 Be7 10. e5 Nh5 11. Ng5 Bxg5 12. Qxh5 g6 13. Qe2 cxd4 14. h4 Bh6 15. h5 dxc3 16. bxc3 Bg7 17. f4 g5 18. Nf3 g4 19. Bxh7+ Kxh7 20. Ng5+ Kg8 21. Qd3 f5 22. exf6 Rxf6 23. Qh7+ Kf8 24.
h6 Qe7 25. O-O-O a5 26. hxg7+ Qxg7 27. Qc2 Rh6 28. c4 Nb4 29. Qb2 Nd3+ 30. Rxd3 Rxh1+ 31. Kc2 Qxb2+ 32. Kxb2 dxc4 33. Rd8+ Ke7 34. Rg8 Bb7 35.
Rg7+ Kd6 36. Rxb7 Kc6 37. Re7 b5 38. Rxe6+ Kd5 39. f5 Rg1 40. Rd6+ Kc5 41. Ne4+ Kb4 42. a3+ Ka4 43. Nc3# 1-0

[Event "*** Titled Tuesday Blitz"]
[Site "Chess.com"]
[Date "2018.04.03"]
[Round "5"]
[White "51616516516"]
[Black "Alopekos"]
[Result "0-1"]
[WhiteElo "2124"]
[BlackElo "2317"]
[TimeControl "180+2"]
[EndTime "14:06:25 PDT"]
[Termination "Alopekos won on time"]

1. d4 Nf6 2. c4 e6 3. Nc3 d5 4.
cxd5 exd5 5. Bg5 Be7 6. e3 O-O 7. Bd3 c5 8. Nf3 cxd4 9. Nxd4 Nc6 10. Nf3 h6 11. Bh4 Be6 12. O-O Rc8 13. a3 Qd7 14. Bc2 Rfd8 15. Qd3 g6 16. Ba4 Ne4 17. Nxe4 Bf5 18.
Bxe7 Qxe7 19. Bxc6 dxe4 20. Qb3 bxc6 21. Nd4 Bg4 22.
Rac1 c5 23. Nb5 Qg5 24. Kh1 Rd2 25. Qc3 Rcd8 26. Nd4 Rd3 27. Qxc5 Qh4 28. Qc7 Rf8 29. Qg3 Qh5 30. h3 Bd7 31. Rc7 Qd5 32. Rfc1 Ba4 33.
Rxa7 Bb3 0-1

[Event "*** Titled Tuesday Blitz"]
[Site "Chess.com"]
[Date "2018.04.03"]
[Round "5"]
[White "Albertu"]
[Black "1random"]
[Result "0-1"]
[WhiteElo "2236"]
[BlackElo "2193"]
[TimeControl "180+2"]
[EndTime "14:06:26 PDT"]
[Termination "1random won by resignation"]

1. e4 d5 2. exd5 Nf6 3. d4 Bg4 4. Bb5+ Nbd7 5. Be2 Bxe2 6. Qxe2 Nxd5 7. Nf3 e6 8. O-O Bd6 9. c4 N5f6 10. d5 O-O 11.
dxe6 fxe6 12. Qxe6+ Kh8 13. Nc3 Nc5 14. Qh3 Nd3 15.
Ng5 Nxc1 16. Ne6 Qc8 17. Nxf8 Qxh3 18. gxh3 Nd3 19. Ne6 Nxb2 20. Rab1 Nxc4 21. Rxb7 Na5 22. Rb5 Nc6 23. Nxc7 Bxc7 24. Rc5 Rc8 25. Nb5 Bb6 26. Rc2 Ne7 27. Re2 Nf5 28. Re5 Nh4 29. Re7 Ng6 30. Rb7 Ra8 31. Re1 Kg8 32. Kg2 Nf4+ 33.
Kg3 N4d5 34. f3 a6 35. Nd6 Bc7 36. Re6 Rd8 37. Rxc7 Nxc7 38. Rxf6 gxf6 0-1

[Event "*** Titled Tuesday Blitz"]
[Site "Chess.com"]
[Date "2018.04.03"]
[Round "5"]
[White "TrimitziosP7"]
[Black "Fighterman91"]
[Result "0-1"]
[WhiteElo "2605"]
[BlackElo "2572"]
[TimeControl "180+2"]
[EndTime "14:06:27 PDT"]
[Termination "Fighterman91 won by resignation"]

1. Nf3 Nf6 2. c4 g6 3. b3 Bg7 4. Bb2 O-O 5. d4 c6 6. e3 d5 7. Nbd2 Bf5 8. Be2 a5 9. O-O Nbd7 10. Bc3 Ne4 11. Nxe4 Bxe4 12. Bd3 Bxf3 13. Qxf3 e6 14. Rfd1 Qe7 15. e4 dxe4 16. Bxe4 Nf6 17. Bc2 Rfd8 18.
Rd2 Ne8 19. Bb2 Nc7 20. Rad1 Rd7 21. Qe3 Qd8 22. Bc3 Qh4 23. g3 Qd8 24. f4 Ne8 25. Be4 Nd6 26. Bc2 Qc7 27. Ba1 Re8 28. Kg2 Red8 29.
h4 b5 30. Bd3 Qb7 31. Kh2 Nf5 32. Bxf5 gxf5 33. Bc3 Qa6 34. Qe2 a4 35. Kh3 axb3 36.
axb3 Qa3 37. Rd3 Qxb3 38. Ba5 Qxc4 39. Bxd8 Rxd8 40. Qd2 Qd5 41. Qc2 Bf6 42. Rc3 Rd6 43. Qg2 Qxg2+ 44. Kxg2 Bxd4 45. Rc2 b4 46. Rc4 c5 47. Kf3 Ra6 48. Rd3 h5 49. Ke2 Ra2+ 50. Kd1 Rg2 51. Rf3 Kf8 52. Rc2 Rxc2 53. Kxc2 c4 54.
Rf1 b3+ 55. Kd2 c3+ 56. Kd3 c2 57. Kd2 Bb2 58. Rh1 f6 59. Rf1 Ke7 60. Rh1 e5 0-1

[Event "*** Titled Tuesday Blitz"]
[Site "Chess.com"]
[Date "2018.04.03"]
[Round "5"]
[White "wonderfultime"]
[Black "LastHeroJr"]
[Result "1-0"]
[WhiteElo "2744"]
[BlackElo "2429"]
[TimeControl "180+2"]
[EndTime "14:06:29 PDT"]
[Termination "wonderfultime won by resignation"]

1. d4 Nf6 2. c4 e6 3. Nc3 Bb4 4. e3 O-O 5. Ne2 d5 6. a3 Bd6 7. Ng3 Re8 8. Bd3 dxc4 9. Bxc4 e5 10. dxe5 Bxe5 11. O-O c6 12. Qc2 Qe7 13. Nce2 Be6 14. e4 Nbd7 15. Bxe6 Qxe6 16. f4 Bc7 17. e5 Bb6+ 18.
Kh1 Ng4 19. h3 Ne3 20. Bxe3 Bxe3 21. Rad1 g6 22. Rd6 Qe7 23. Qd3 Nc5 24. Qc3 Na4 25.
Qc2 Nb6 26. Rf3 Nd5 27. Rxd5 cxd5 28. Rxe3 d4 29. Nxd4 Red8 30. Nf3 Rac8 31. Rc3 Rxc3 32. Qxc3 Qd7 33. Kh2 Rc8 34. Qe3 Rc2 35. f5 Qd5 36. f6 Kf8 37. b4 b6 38. e6 fxe6 39. Qh6+ Ke8 40. Qg7 Rxg2+ 41. Kxg2 Qa2+ 42. Kg1 Qa1+ 43. Nf1 1-0

[Event "*** Titled Tuesday Blitz"]
[Site "Chess.com"]
[Date "2018.04.03"]
[Round "5"]
[White "TomPolgar"]
[Black "nickmatta"]
[Result "1-0"]
[WhiteElo "2317"]
[BlackElo "2301"]
[TimeControl "180+2"]
[EndTime "14:06:33 PDT"]
[Termination "TomPolgar won by resignation"]

1. e4 e5 2. Nf3 Nc6 3. Nc3 Nf6 4. d4 exd4 5. Nxd4 Bb4 6. Nxc6 bxc6 7. Bd3 d5 8. exd5 cxd5 9. O-O O-O 10. h3 h6 11.
Qf3 Bd6 12. Bf4 Rb8 13. b3 Bb7 14. Bxd6 Qxd6 15. Nb5 Qb6 16. Qf4 c5 17. Rad1 Rbd8 18. Rfe1 d4 19. Qc7 Nd5 20. Qxb6 axb6 21. Be4 Ba8 22. c4 Nb4 23. a3 Bxe4 24. Rxe4 Nc2 25. Rd2 Na1 26. Rd3 Rfe8 27. Rxe8+ Rxe8 28. Kf1 Nc2 29. Rd1 d3 30. Nc3 Rd8 31. Nd5 Nxa3 32. Rxd3 Kf8 33. Ke2 Nc2 34. Nxb6 Nd4+ 35. Kf1 Rb8 36. Nd7+ Ke7 37. Nxb8 Ke6 38. Na6 Ke5 39. Nxc5 Nc2 40.
Rd7 Nb4 41. Rxf7 g6 42. Rh7 Kf6 43. Rxh6 Kg5 44. Rh8 Nc2 1-0

[Event "*** Titled Tuesday Blitz"]
[Site "Chess.com"]
[Date "2018.04.03"]
[Round "5"]
[White "KNVB"]
[Black "Zaven_ChessMood"]
[Result "0-1"]
[WhiteElo "2597"]
[BlackElo "2793"]
[TimeControl "180+2"]
[EndTime "14:06:35 PDT"]
[Termination "Zaven_ChessMood won by resignation"]

1. d4 Nf6 2. c4 c5 3. d5 b5 4. Qc2 bxc4 5. e4 d6 6. Bxc4 g6 7. Nf3 Nbd7 8. O-O Bg7 9. Re1 O-O 10. h3 a5 11. Nc3 Nb6 12. Bb5 Bd7 13. a4 Ne8 14.
Bg5 Nc7 15. Bf1 h6 16. Bh4 Na6 17. e5 Nb4 18. Qd2 g5 19. Bg3 Bf5 20. exd6 exd6 21. Nb5 Nc8 22. Rac1 Bg6 23. Bc4 Ra6 24. b3 Rb6 25. Qe2 Rb7 26. Nd2 Re7 27. Qf1 Rfe8 28. Rxe7 Qxe7 29. Nf3 Qd7 30. Re1 Rxe1 31. Nxe1 f5 32.
f4 Bf7 33. Qf3 g4 34. hxg4 fxg4 35. Qd1 Ne7 36. Nd3 Nbxd5 37. f5 Nxf5 38. Qxg4 Nde3 39. Bxf7+ Qxf7 40. Qf3 Qxb3 41. Nf4 Qb1+ 42. Kh2 Nf1+ 43. Kh3 N1xg3 44. Qd5+ Kh7 45. Qf7 Qh1+ 46. Kg4 Qh4+ 47.
Kf3 Qf6 48. Qd5 Qe5 49. Qd3 c4 50. Qd2 h5 51. Nxh5 Qe4+ 52. Kf2 Nxh5 0-1

[Event "*** Titled Tuesday Blitz"]
[Site "Chess.com"]
[Date "2018.04.03"]
[Round "5"]
[White "denizozen"]
[Black "Sebastian"]
[Result "0-1"]
[WhiteElo "2635"]
[BlackElo "2795"]
[TimeControl "180+2"]
[EndTime "14:06:37 PDT"]
[Termination "Sebastian won by resignation"]

1. e4 c5 2. Nf3 d6 3. d4 cxd4 4. Nxd4 Nf6 5. Nc3 a6 6. Bg5 e6 7.
f4 Be7 8. Qf3 Qa5 9. O-O-O Bd7 10. Kb1 Nc6 11. g4 h6 12. Nb3 Qc7 13. Bxf6 Bxf6 14. h4 O-O-O 15. g5 hxg5 16. hxg5 Rxh1 17. Qxh1 Bxc3 18. bxc3 Ne7 19. Kb2 Bc6 20. Bd3 d5 21. exd5 Nxd5 22. Qh7 g6 23. Rf1 Nxf4 24. Bxg6 fxg6 25.
Qxc7+ Kxc7 26. Rxf4 e5 27. Rf6 Rd6 28. Rf7+ Rd7 29.
Rf6 Rd6 30. Rf7+ Kb6 31. Re7 e4 32. c4 Rd8 33. c5+ Kb5 34. Re6 Re8 35. Rxg6 e3 36. Nd4+ Kxc5 37. Ne6+ Kc4 38. Kc1 e2 39. Kd2 Bd5 40.
Rg7 Rxe6 41. Ke1 Kc3 42. g6 Bc4 43. Rg8 Rf6 0-1

[Event "*** Titled Tuesday Blitz"]
[Site "Chess.com"]
[Date "2018.04.03"]
[Round "5"]
[White "Cecile-Haussernot"]
[Black "comedy_of_errors"]
[Result "0-1"]
[WhiteElo "2304"]
[BlackElo "2425"]
[TimeControl "180+2"]
[EndTime "14:06:42 PDT"]
[Termination "comedy_of_errors won by resignation"]

1. e4 e6 2. d4 d5 3. Nc3 dxe4 4. Nxe4 Bd7 5. Bd3 Bc6 6. Nf3 Nd7 7. O-O Ngf6 8. Ng3 g6 9. Ne5 Nxe5 10. dxe5 Qd5 11. f3 Qxe5 12. Re1 Qd5 13. Qe2 Bg7 14. Bd2 O-O 15. Bc3 Rad8 16. Kh1 Nh5 17. Ne4 Nf4 18.
Qe3 Nxd3 19. Bxg7 Kxg7 20. cxd3 Qxd3 21. Qf4 Bxe4 22. fxe4 Qd6 23. e5 Qe7 24. Re3 f5 25. Rh3 g5 26. Rg3 h6 27. h4 g4 28. Rc1 c6 29. Ra3 Qxh4+ 30. Kg1 a6 31. Rb3 Rf7 32.
g3 Qg5 33. Qc4 Rd5 34. Re1 h5 35. Rd3 f4 36. gxf4 Qxf4 37. Qxf4 Rxf4 38. Rb3 b5 39. Rc3 c5 40. Rec1 c4 41. Re3 h4 42. b3 g3 43. bxc4 bxc4 44. Ra3 Rxe5 45. Rxa6 h3 46. Ra7+ Kf6 47. Ra8 Re2 48. Rf8+ Ke5 49. Rxf4 Kxf4 50.
Rxc4+ Kf3 51. Rc3+ Re3 52. Rc1 Ra3 53. Rf1+ Kg4 54. Rf6 Rxa2 55. Rg6+ Kf4 56. Rf6+ Kg5 0-1

[Event "*** Titled Tuesday Blitz"]
[Site "Chess.com"]
[Date "2018.04.03"]
[Round "5"]
[White "murmah2003"]
[Black "Zufi1811"]
[Result "0-1"]
[WhiteElo "2441"]
[BlackElo "2461"]
[TimeControl "180+2"]
[EndTime "14:06:43 PDT"]
[Termination "Zufi1811 won by resignation"]

1. d4 Nf6 2. c4 g6 3. Nc3 Bg7 4. e4 d6 5. Nf3 O-O 6. Be2 Nbd7 7. O-O e5 8. Be3 Re8 9. d5 Nh5 10. Ne1 Nf4 11. Nd3 Nxe2+ 12. Qxe2 Rf8 13. c5 f5 14. f3 a6 15. Bf2 Nf6 16. cxd6 cxd6 17. Na4 fxe4 18.
fxe4 Bg4 19. Qe3 Nh5 20. h3 Bd7 21. Nb6 Rb8 22. Nxd7 Qxd7 23. Bh4 Rbc8 24. Rxf8+ Rxf8 25. Rf1 Rxf1+ 26. Kxf1 Qa4 27. a3 Qb3 28. Bf2 Bh6 29. Qf3 Qc2 30. g3 Kg7 31. Qe2 Qc8 32. Kg2 Nf6 33. Be1 Qc4 34. Kf3 Kg8 35. Bc3 Bf8 36. Nf2 Qc8 37. Kg2 h5 38. h4 Be7 39. Qf3 Kg7 40. Qd3 Bd8 41. Bd2 Bb6 42. Be3 Bxe3 43. Qxe3 Qc2 44. Qc3 Qxf2+ 45. Kxf2 Nxe4+ 46. Ke3 Nxc3 47. bxc3 Kf6 48. Ke4 b5 0-1

[Event "*** Titled Tuesday Blitz"]
[Site "Chess.com"]
[Date "2018.04.03"]
[Round "5"]
[White "guillembaches"]
[Black "dolynachess"]
[Result "0-1"]
[WhiteElo "2231"]
[BlackElo "2402"]
[TimeControl "180+2"]
[EndTime "14:06:43 PDT"]
[Termination "dolynachess won on time"]

1. d4 Nf6 2. Bf4 c5 3. d5 d6 4. Nc3 g6 5. e4 Bg7 6. Qd2 O-O 7.
Bh6 Bxh6 8. Qxh6 b5 9. Bxb5 Qb6 10. O-O-O Nbd7 11. b3 Nxe4 12. Nxe4 Qxb5 13. Nf3 f6 14. h4 Qb4 15. Rhe1 a5 16. h5 g5 17. Nexg5 Qf4+ 18.
Kb1 fxg5 19. Nxg5 Rf7 20. Nxf7 Qxf7 21. Rd3 Nf6 22. g4 Bxg4 23. Rg3 Kh8 24. Reg1 Rg8 25. Qf4 Qxh5 26. f3 Bf5 27. Rg5 Rxg5 28. Rxg5 Qh1+ 29.
Kb2 Bg6 30. Qe3 Qd1 31. Qc3 Kg7 32. f4 Kf7 33. f5 Bh5 34. Qe3 Qxd5 35. c4 Qd4+ 36.
Qxd4 cxd4 37. a3 Be2 38. Kc2 d3+ 39. Kb2 d2 0-1